 Dungeon Crawl Stone Soup version 0.17-a0-1667-g4ca74a1 (webtiles) character file.

347 karlkraus the Shield-Bearer (level 6, -1/55 HPs)
             Began as a Minotaur Fighter on Aug 17, 2015.
             Killed from afar by a white imp (7 damage)
             ... with a puff of frost
             ... summoned by Natasha
             ... on level 4 of the Dungeon on Aug 18, 2015.
             The game lasted 00:03:51 (1614 turns).

karlkraus the Shield-Bearer (Minotaur Fighter)      Turns: 1614, Time: 00:03:51

Health: -1/55      AC:  6    Str: 20    XL:     6   Next: 33%
Magic:  5/5        EV: 10    Int:  5    God:
Gold:   98         SH: 10    Dex: 12    Spells: 0 memorised, 5 levels left

rFire  . . .     SeeInvis .     a - +0 flail
rCold  . . .     Clarity  .     v - +2 leather armour {rPois}
rNeg   . . .     SustAt   .     c - +0 shield
rPois  +         Gourm    .     (helmet restricted)
rElec  .         Spirit   .     (no cloak)
rCorr  .         Warding  .     (no gloves)
rMut   .         Stasis   .     y - +0 pair of boots
MR     .....                    (no amulet)
Stlth  +.........               (no ring)
                                k - +6 ring of slaying

@: very slightly contaminated, not resistant to hostile enchantments, very
unstealthy
A: retaliatory headbutt, horns 2
a: no special abilities


You were on level 4 of the Dungeon.
You were not hungry.

You visited 1 branch of the dungeon, and saw 4 of its levels.

You collected 98 gold pieces.

Inventory:

Hand weapons
 a - a +0 flail (weapon)
Armour
 b - a +0 scale mail
 c - a +0 shield (worn)
 i - a +0 pair of boots
 v - a +2 leather armour of poison resistance (worn)
 y - a +0 pair of boots (worn)
Jewellery
 k - a +6 ring of slaying (left hand)
Scrolls
 g - 4 scrolls of identify {unknown}
 h - a scroll of magic mapping {unknown}
 o - a scroll of enchant armour {unknown}
 p - a scroll of random uselessness {unknown}
 r - a scroll of immolation {unknown}
 s - 2 scrolls of enchant weapon {unknown}
 t - 2 scrolls of teleportation {unknown}
 u - a scroll of remove curse {unknown}
 x - a scroll of fear {unknown}
Potions
 d - 2 potions of might
 f - a potion of resistance {unknown}
 n - 2 potions of haste {unknown}
 q - a potion of degeneration {unknown}
 z - a potion of poison {unknown}
Comestibles
 e - 5 bread rations
 j - 2 beef jerkies
 l - a slice of pizza
 m - 2 meat rations
 w - 4 chunks of flesh


   Skills:
 + Level 4.8 Fighting
 + Level 4.1 Maces & Flails
 + Level 4.7 Armour
 + Level 3.2 Dodging
 + Level 0.5 Stealth
 + Level 5.0 Shields


You had 5 spell levels left.
You didn't know any spells.

Dungeon Overview and Level Annotations

Branches:
Dungeon (4/15)
 Temple: D:4-7

Altars:
Zin

Annotations:
D:4 Natasha


Innate Abilities, Weirdness & Mutations

You reflexively headbutt those who attack you in melee.
You have a pair of horns on your head.


Message History

You closely miss the white imp. Your headbutt misses the white imp.
The white imp is heavily wounded.
The white imp hits you but does no damage.
Natasha claws you.
* * * LOW HITPOINT WARNING * * *
You hit the white imp.
The white imp is severely wounded.
You block the white imp's attack. Natasha claws you.
* * * LOW HITPOINT WARNING * * *
The crimson imp blinks!
You barely miss the white imp. Your headbutt misses the white imp.
The white imp is severely wounded.
The white imp gestures at you. The puff of frost misses you.
The puff of frost hits the crimson imp.
The crimson imp is frozen!
The crimson imp dies!
You block Natasha's attack. The white imp gestures at you.
The puff of frost hits you!
You die...

# #. # #.#. ##..###
#...#####.........
#...#............
#††.# ##.....###
###.####........
#..@5.§.....##
#...h........#
..#............#
#..............###
#..#.#..†<.........###
+. #.######...........
# .. #............ ...
..#........###.## s.
#............#...


You could see Natasha and a white imp.

Vanquished Creatures
  The ghost of Protee the Chopper, an average DsCK of Xom (D:4)
  Natasha (D:4)
  A worker ant (D:4)
  10 adders
  An ooze (D:1)
  2 worms (D:2)
  A giant gecko (D:2)
  3 orcs (D:3)
  6 hobgoblins
  9 jackals
  2 quokkas
  3 ball pythons
  5 bats
  7 giant cockroaches
  5 giant newts
  4 goblins
  10 kobolds
  10 rats
81 creatures vanquished.

Notes
Turn   | Place    | Note
--------------------------------------------------------------
     0 | D:1      | karlkraus the Minotaur Fighter began the quest for the Orb.
     0 | D:1      | Reached XP level 1. HP: 19/19 MP: 0/0
   144 | D:1      | Reached XP level 2. HP: 24/27 MP: 1/1
   254 | D:1      | Reached skill level 4 in Fighting
   644 | D:2      | Reached XP level 3. HP: 33/33 MP: 2/2
   675 | D:2      | Reached skill level 1 in Dodging
   826 | D:2      | Reached XP level 4. HP: 30/40 MP: 3/3
  1281 | D:3      | Found a glowing silver altar of Zin.
  1516 | D:4      | Noticed Protee's ghost (average DsCK)
  1520 | D:4      | Reached XP level 5. HP: 45/47 MP: 4/4
  1548 | D:4      | Killed Protee's ghost
  1548 | D:4      | Reached XP level 6. HP: 50/55 MP: 5/5
  1594 | D:4      | Noticed Natasha
  1598 | D:4      | Killed Natasha
  1598 | D:4      | Reached skill level 5 in Shields
  1602 | D:4      | Noticed Natasha
  1614 | D:4      | Killed from afar by a white imp

Vault maps used:
D:1:      lemuel_arrival_room
D:2:      st_stairs_3, kennysheep_generic_room_4
D:3:      nicolae_overflow_hidden_temple, first_bread
D:4:      cheibriados_altar_1, kennysheep_mini_moat, kennysheep_little_box,
          uniq_natasha

Action                   |  1- 3 |  4- 6 || total
-------------------------+-------+-------++-------
Melee: Flail             |    78 |    78 ||   156
 Stab: Invisible         |       |     2 ||     2
  Eat: Chunk             |       |     3 ||     3
